 Dungeon Crawl Stone Soup version 0.20.1-1-g8b1a95d66d (webtiles) character file.

18252 2ustice the Fighter (level 12, -2/118 HPs)
             Began as a Deep Dwarf Fighter on Jan 1, 2018.
             Was an Initiate of Gozag.
             Killed by divine providence
             ... invoked by an orc priest
              (10 damage)
             ... on level 12 of the Dungeon.
             The game lasted 01:18:08 (9492 turns).

2ustice the Fighter (Deep Dwarf Fighter)            Turns: 9492, Time: 01:18:09

Health: -2/118     AC: 32    Str: 25    XL:     12   Next: 26%
Magic:  0/0        EV:  6    Int: 17    God:    Gozag
Gold:   200        SH: 12    Dex: 12    Spells: 11/11 levels left

rFire    . . .     SeeInvis .   b - +3 mace (protect)
rCold    + . .     Gourm    .   c - +0 shield
rNeg     . . .     Faith    .   D - +1 plate armour
rPois    +         Spirit   .   (helmet restricted)
rElec    .         Reflect  .   n - +2 cloak {+Inv}
rCorr    .         Harm     +   q - +0 pair of gloves
MR       +....                  t - +0 pair of boots
Stlth    ..........             g - amulet of harm
Regen    0.0/turn               i - ring of Cotib {Ice rPois Int+6}
MPRegen  0.1/turn               I - +2 ring of protection

@: protection aura, starving, non-regenerating, drained
A: damage resistance, heal wounds, antennae 1, iridescent scales 1, clever 1,
fire resistance 1, sense surroundings 2, wild magic 1, no regeneration
a: Heal Wounds, Potion Petition, Call Merchant, Bribe Branch, Renounce Religion,
Evoke Invisibility


You were on level 12 of the Dungeon.
You worshipped Gozag.
Gozag was aware of your devotion.
You were starving.

You visited 2 branches of the dungeon, and saw 13 of its levels.

You collected 1980 gold pieces.
You spent 1103 gold pieces at shops.
You paid 677 gold pieces to Gozag.

Inventory:

Hand Weapons
 b - a +3 mace of protection (weapon)
 j - a +5 dire flail
 m - a +2 rapier of venom
 E - a +3 mace of draining
Missiles
 e - 13 tomahawks (quivered)
Armour
 c - a +0 shield (worn)
 n - a +2 cloak of invisibility (worn)
 q - a +0 pair of gloves (worn)
 t - a +0 pair of boots (worn)
 B - a +1 helmet
 D - a +1 plate armour (worn)
Jewellery
 g - an amulet of harm (around neck)
 i - the ring of Cotib (left hand) {Ice rPois Int+6}
   (You bought it in a shop on level 11 of the Dungeon)

   [ring of ice]

   It enhances your ice magic.
   It affects your intelligence (+6).
   It makes you vulnerable to fire.
   It protects you from cold.
   It protects you from poison.
 s - an uncursed ring of fire
 F - an uncursed ring of ice
 H - an uncursed ring of ice
 I - a +2 ring of protection (right hand)
 J - an uncursed ring of magical power
Wands
 y - a wand of enslavement (6/24)
Scrolls
 a - a scroll of magic mapping
 k - 2 scrolls of remove curse
 l - 5 scrolls of teleportation
 r - 2 scrolls of fear
 C - 2 scrolls of amnesia
Potions
 d - a potion of might
 o - 2 potions of cancellation
 u - a potion of brilliance
 v - a potion of ambrosia
 w - 5 potions of curing
 x - a potion of invisibility
 z - a potion of haste
 A - 2 potions of magic
 L - a potion of flight
Comestibles
 f - 9 bread rations
 h - 8 meat rations


   Skills:
 + Level 10.7(9.5) Fighting
   Level 5.6(8.0) Axes
 * Level 9.9(9.2) Maces & Flails
   Level 1.5(2.3) Polearms
 + Level 10.7(9.5) Armour
 + Level 10.1(9.0) Shields
 + Level 0.1(0.0) Spellcasting


You had 11 spell levels left.
You didn't know any spells.

Dungeon Overview and Level Annotations

Branches:
Dungeon (12/15)            Temple (1/1) D:6            Lair (0/6) D:9
    Orc: D:9-12

Altars:
Ashenzari
Cheibriados
Dithmenos
Elyvilon
Fedhas
Gozag
Hepliaklqana
Kikubaaqudgha
Makhleb
Nemelex Xobeh
Okawaru
Qazlal
Ru
Sif Muna
Trog
Uskayaw
Vehumet
Xom
Yredelemnul
Zin
The Shining One

Shops:
D:9 =   D:11 =

Portals:
Trove: D:11 (give +3 storm dragon scales)


Innate Abilities, Weirdness & Mutations

You are resistant to damage.
You can heal yourself by infusing magical energy.
You passively map the area around you.
You do not regenerate.
You have a pair of small antennae on your head.
You are partially covered in iridescent scales. (AC +2)
Your mind is acute. (Int +2)
Your flesh is heat resistant. (rF+)
Your spells are a little harder to cast, but a little more powerful.


Message History

The hippogriff pecks you but does no damage.
The hippogriff claws you but does no damage.
You hit the hippogriff.
The hippogriff is heavily wounded.
The hippogriff bites you but does no damage.
The hippogriff barely misses you. x2
You completely miss the hippogriff.
The hippogriff is heavily wounded.
The hippogriff bites you but does no damage.
The hippogriff pecks you but does no damage.
You block the hippogriff's attack.
You completely miss the hippogriff.
The hippogriff is heavily wounded.
You block the hippogriff's attack.
The hippogriff pecks you but does no damage.
The hippogriff claws you but does no damage.
The orc priest invokes the aid of Beogh against you.
Beogh smites you!
You die...
Your body crumbles into a pile of gold.

, , , #.######### , , ,
########.# #.(... , #.....##.#
#.###. , ,,, #.....##.# #.# #. ,,
,, * #.....##.# #.#### * **
#.....##.# #..... #.....##.#
###### *
##############.....##.######### ,
...$..$..ooCoH@....'...........
,,......$...####.....##.#####.###
..........# #.....##.# #.# ,
.......C..####.....##.# #.#
.............'......#.# #.#
,,..........####........# #.#
..........# #######..# #.# ,
C............#######..### #.#
............[...........# #.#


You could see a cyclops, a hippogriff, an orc priest and 2 orcs.

Vanquished Creatures
  Erolcha (D:11)
  Fannar (D:10)
  A hydra (D:7)
  Erica (D:8)
  3 two-headed ogres
  Nergalle (D:11)
  4 skeletal warriors
  An unseen horror (D:10)
  A wizard (D:10)
  A deep elf mage (D:9)
  2 orc sorcerers (D:10)
  Joseph (D:7)
  Maurice (D:11)
  2 rime drakes (D:11)
  The ghost of BrokenGlass the Martial Artist, a novice OpFi of Ashenzari (D:4)
  5 hippogriffs
  Sigmund (D:3)
  A hungry ghost (D:9)
  Grum (D:11)
  A soldier ant (D:12)
  A water moccasin (D:7)
  5 ice beasts
  5 orc warriors
  4 sky beasts
  A necrophage (D:11)
  2 phantoms
  4 wolves (D:11)
  10 ogres
  3 centaurs
  3 big kobolds
  2 crocodiles
  A gnoll sergeant (D:7)
  A scorpion (D:11)
  A wyvern skeleton (D:4)
  18 killer bees
  5 wights (D:12)
  3 crimson imps
  A centaur zombie (D:7)
  2 jellies
  A quasit (D:11)
  7 orc priests
  3 bullfrog skeletons
  2 centaur skeletons
  4 hounds
  Natasha (thrice) (D:2)
  6 orc wizards
  5 worker ants
  2 hound skeletons
  A howler monkey zombie (D:7)
  A worker ant zombie (D:5)
  7 adders
  6 gnolls
  4 shadow imps
  An ooze (D:1)
  3 adder skeletons
  4 worms
  3 dart slugs
  2 leopard geckos
  37 orcs
  7 bats
  2 giant cockroaches
  3 goblins
  7 hobgoblins
  2 jackals (D:8)
  17 kobolds
  5 quokkas
  3 ball pythons
  5 frilled lizards
  A quokka skeleton (D:7)
  6 rats
263 creatures vanquished.

Vanquished Creatures (others)
  An orc priest (D:7)
1 creature vanquished.

Grand Total: 264 creatures vanquished

Notes
Turn   | Place    | Note
-------+----------+-------------------------------------------
     0 | D:1      | 2ustice the Deep Dwarf Fighter began the quest for the Orb.
     0 | D:1      | Reached XP level 1. HP: 20/20 MP: 1/1
   140 | D:1      | Reached XP level 2. HP: 25/28 MP: 2/2
   273 | D:2      | Noticed Natasha
   275 | D:2      | Noticed a crimson imp
   282 | D:2      | Killed Natasha
   282 | D:2      | Reached XP level 3. HP: 19/34 MP: 3/3
   592 | D:2      | Noticed Natasha
   596 | D:2      | Killed Natasha
   596 | D:2      | Reached XP level 4. HP: 18/44 MP: 4/4
   705 | D:2      | Found an ancient bone altar of Kikubaaqudgha.
   816 | D:2      | Noticed Natasha
   829 | D:2      | Killed Natasha
   979 | D:3      | Noticed Sigmund
  1024 | D:4      | Reached XP level 5. HP: 43/50 MP: 5/5
  1154 | D:4      | Gained mutation: Your magical capacity is low. (-10% MP) [potion of mutation]
  1154 | D:4      | Gained mutation: You evolve. [potion of mutation]
  1154 | D:4      | Gained mutation: You tend to lose your temper in combat. [potion of mutation]
  1154 | D:4      | Gained mutation: You are partially covered in iridescent scales. (AC +2) [potion of mutation]
  1161 | D:4      | Noticed an ogre
  1184 | D:4      | Killed an ogre
  1200 | D:4      | Noticed an ogre
  1207 | D:4      | Killed an ogre
  1207 | D:4      | Reached XP level 6. HP: 52/58 MP: 5/5
  1316 | D:4      | Noticed BrokenGlass's ghost (novice OpFi)
  1397 | D:4      | Killed BrokenGlass's ghost
  1397 | D:4      | Reached skill level 5 in Fighting
  1397 | D:4      | Reached skill level 5 in Armour
  1397 | D:4      | Reached XP level 7. HP: 26/67 MP: 5/5
  1703 | D:4      | HP: 1/67 [ogre/giant spiked club (20)]
  1714 | D:4      | Reached skill level 5 in Shields
  2064 | D:5      | Entered Level 5 of the Dungeon
  2136 | D:5      | Lost mutation: Your magical capacity is low. (-10% MP) [potion of mutation]
  2136 | D:5      | Lost mutation: You evolve. [potion of mutation]
  2136 | D:5      | Gained mutation: Your magical capacity is low. (-10% MP) [potion of mutation]
  2136 | D:5      | Gained mutation: Your spells are a little easier to cast, but a little less powerful. [potion of mutation]
  2136 | D:5      | Gained mutation: You are weak. (Str -2) [potion of mutation]
  2136 | D:5      | Gained mutation: You evolve. [potion of mutation]
  2162 | D:5      | Found a shadowy altar of Dithmenos.
  2162 | D:5      | Found a shimmering altar of Xom.
  2162 | D:5      | Found a hide-covered altar of Uskayaw.
  2162 | D:5      | Found a bloodstained altar of Trog.
  2169 | D:5      | Found a snail-covered altar of Cheibriados.
  2173 | D:5      | Found a blossoming altar of Fedhas.
  2381 | D:5      | Reached XP level 8. HP: 40/76 MP: 6/6
  2403 | D:5      | Lost mutation: Your magical capacity is low. (-10% MP) [potion of mutation]
  2403 | D:5      | Lost mutation: You are weak. (Str -2) [potion of mutation]
  2403 | D:5      | Lost mutation: Your spells are a little easier to cast, but a little less powerful. [potion of mutation]
  2403 | D:5      | Lost mutation: You tend to lose your temper in combat. [potion of mutation]
  2403 | D:5      | Gained mutation: Your mind is acute. (Int +2) [potion of mutation]
  2403 | D:5      | Gained mutation: You occasionally shout uncontrollably at your foes. [potion of mutation]
  2403 | D:5      | Gained mutation: Your magical capacity is low. (-10% MP) [potion of mutation]
  2403 | D:5      | Gained mutation: You have large cloven feet. [potion of mutation]
  2631 | D:5      | Reached skill level 5 in Axes
  2868 | D:3      | Killed Sigmund
  3417 | D:6      | Gained mutation: You possess an exceptional clarity of mind. [mutagenic meat]
  3418 | D:6      | Gained mutation: You are frail. (-10% HP) [mutagenic meat]
  3419 | D:6      | Lost mutation: You are frail. (-10% HP) [mutagenic meat]
  3420 | D:6      | Gained mutation: Your movements are slightly less encumbered by armour. (ER -2) [mutagenic meat]
  3421 | D:6      | Lost mutation: You have large cloven feet. [mutagenic meat]
  3628 | D:6      | Reached skill level 1 in Polearms
  3689 | D:6      | Found a staircase to the Ecumenical Temple.
  3766 | Temple   | Entered the Ecumenical Temple
  3851 | Temple   | Became a worshipper of Gozag Ym Sagoz the Greedy
  4116 | D:6      | Gained mutation: You passively map the area around you. [Deep Dwarf growth]
  4116 | D:6      | Reached XP level 9. HP: 54/86 MP: 6/6
  4150 | D:6      | Reached skill level 1 in Maces & Flails
  4539 | D:7      | Noticed Joseph
  4573 | D:7      | Killed Joseph
  4647 | D:7      | Lost mutation: You occasionally shout uncontrollably at your foes. [evolution]
  4647 | D:7      | Lost mutation: You evolve. [end of evolution]
  4941 | D:7      | Reached XP level 10. HP: 55/99 MP: 4/4
  5095 | D:7      | Noticed an eight-headed hydra
  5127 | D:7      | Killed an eight-headed hydra
  5367 | D:8      | Noticed a two-headed ogre
  5380 | D:8      | Killed a two-headed ogre
  5380 | D:8      | Reached skill level 5 in Maces & Flails
  5393 | D:8      | Noticed Erica
  5413 | D:8      | Killed Erica
  5806 | D:8      | Lost mutation: Your movements are slightly less encumbered by armour. (ER -2) [potion of mutation]
  5806 | D:8      | Lost mutation: You possess an exceptional clarity of mind. [potion of mutation]
  5806 | D:8      | Lost mutation: Your magical capacity is low. (-10% MP) [potion of mutation]
  5806 | D:8      | Gained mutation: Your flesh is heat resistant. (rF+) [potion of mutation]
  5806 | D:8      | Gained mutation: You have a pair of small antennae on your head. [potion of mutation]
  5806 | D:8      | Gained mutation: Your spells are a little harder to cast, but a little more powerful. [potion of mutation]
  6199 | D:9      | Found Ykyshrun's Jewellery Shop.
  6202 | D:9      | Bought a +2 ring of protection for 140 gold pieces
  6202 | D:9      | Bought an uncursed ring of magical power for 280 gold pieces
  6219 | D:9      | Noticed a deep elf mage
  6229 | D:9      | Found a staircase to the Lair.
  6234 | D:9      | Killed a deep elf mage
  6240 | D:9      | Noticed a two-headed ogre
  6249 | D:9      | Killed a two-headed ogre
  6249 | D:9      | Reached XP level 11. HP: 64/108 MP: 5/5
  6856 | D:10     | Entered Level 10 of the Dungeon
  7057 | D:10     | Noticed an orc sorcerer
  7058 | D:10     | Noticed an orc sorcerer
  7112 | D:10     | Killed an unseen horror
  7140 | D:10     | Reached skill level 10 in Fighting
  7239 | D:10     | Noticed a wizard
  7256 | D:10     | Killed a wizard
  7265 | D:10     | Killed an orc sorcerer
  7274 | D:10     | Killed an orc sorcerer
  7368 | D:10     | Noticed Fannar
  7405 | D:10     | Killed Fannar
  7733 | D:11     | Noticed Erolcha
  7741 | D:11     | Killed Erolcha
  7945 | D:11     | Noticed a skeletal warrior
  7945 | D:11     | Noticed a skeletal warrior
  7954 | D:11     | Noticed a skeletal warrior
  7957 | D:11     | Noticed a skeletal warrior
  7970 | D:10     | Killed a skeletal warrior
  7970 | D:10     | Reached skill level 10 in Armour
  8019 | D:11     | Killed a skeletal warrior
  8045 | D:11     | Killed a skeletal warrior
  8094 | D:11     | Killed a skeletal warrior
  8107 | D:11     | Noticed Maurice
  8264 | D:11     | Noticed a two-headed ogre
  8272 | D:11     | Killed a two-headed ogre
  8379 | D:11     | Reached XP level 12. HP: 66/116 MP: 3/3
  8391 | D:11     | Found a portal to a secret trove of treasure.
  8453 | D:11     | Killed Maurice
  8716 | D:11     | Noticed Nergalle
  8768 | D:11     | Killed Nergalle
  8768 | D:11     | Reached skill level 10 in Shields
  8798 | D:11     | HP: 3/118 [orc priest/divine providence (15)]
  8925 | D:11     | Noticed Grum
  8932 | D:11     | Killed Grum
  9094 | D:11     | Bought the ring of Cotib {Ice rPois Int+6} for 683 gold pieces
  9167 | D:12     | Found a stormy altar of Qazlal.
  9492 | D:12     | Killed from afar by an orc priest

Skill      XL: |  1  2  3  4  5  6  7  8  9 10 11 12 |
---------------+-------------------------------------+-----
Fighting       | 3 4 5 6 7 9 10 | 10.7
Axes           | 3 4 5 |  5.6
Armour         | 4 5 6 8 9 10 | 10.7
Shields        | 4 5 6 7 8 9 10 | 10.1
Polearms       | 1 |  1.5
Maces & Flails | 3 7 9 |  9.9
Spellcasting   | |  0.1

Action                   |  1- 3 |  4- 6 |  7- 9 | 10-12 || total
-------------------------+-------+-------+-------+-------++-------
Melee: War axe           |    54 |    28 |    56 |       ||   138
       Rapier            |    29 |    31 |   210 |       ||   270
       Glaive            |       |       |    31 |       ||    31
       Mace              |       |       |   216 |   276 ||   492
       Dire flail        |       |       |    11 |   353 ||   364
       Quarterstaff      |       |       |     4 |       ||     4
Throw: Tomahawk          |       |       |     4 |       ||     4
Invok: Call Merchant     |       |       |       |     1 ||     1
 Abil: Heal Wounds       |       |     2 |    19 |    25 ||    46
       Evoke Invisibilit |       |       |       |     1 ||     1
Evoke: Wand              |       |       |       |     1 ||     1
  Use: Scroll            |       |     9 |    11 |    10 ||    30
       Potion            |       |     1 |    10 |     8 ||    19
 Stab: Invisible         |       |       |     1 |     9 ||    10
       Distracted        |       |       |       |     1 ||     1
  Eat: Chunk             |       |     2 |    13 |       ||    15
       Fruit             |       |       |     1 |     1 ||     2
       Bread ration      |       |       |     1 |       ||     1
       Royal jelly       |       |       |       |     4 ||     4
       Meat ration       |       |       |       |     1 ||     1
Armor: Scale mail        |    51 |    30 |    50 |       ||   131
       Plate armour      |       |       |   263 |   413 ||   676
       Skin              |       |       |    22 |    92 ||   114
Dodge: Dodged            |    39 |    18 |   147 |   181 ||   385
Block: Shield            |    62 |    32 |   292 |   103 ||   489
